 Dungeon Crawl Stone Soup version 0.29.1-1-gd02db6906a (webtiles) character file.

Game seed: 15734578136296190393

36 vvl the Stinger (level 3, 0/25 HPs)
             Began as a Demonspawn Venom Mage on Oct 6, 2022.
             Slain by a hobgoblin (4 damage)
             ... on level 2 of the Dungeon.
             The game lasted 00:01:40 (1039 turns).

vvl the Stinger (Demonspawn Venom Mage)             Turns: 1039, Time: 00:01:40

Health: 0/25       AC:  2    Str:  8    XL:     3   Next: 19%
Magic:  6/6        EV: 12    Int: 18    God:
Gold:   35         SH:  0    Dex: 13    Spells: 5/6 levels left

rFire   . . .      SeeInvis .   f - +1 spear (venom)
rCold   . . .      Faith    .   (no shield)
rNeg    . . .      Spirit   .   a - +0 robe
rPois   .          Reflect  .   (no helmet)
rElec   .          Harm     +   g - scarf {harm}
rCorr   .          Rampage  .   (no gloves)
Will    .....                   (no boots)
Stlth   ++........              (no amulet)
HPRegen 0.08/turn               (no ring)
MPRegen 0.10/turn               (no ring)

@: no status effects
A: ignite blood 1
a: no special abilities


You were on level 2 of the Dungeon.
You visited 1 branch of the dungeon, and saw 2 of its levels.

You collected 35 gold pieces.

Inventory:

Hand Weapons
 f - a +1 spear of venom (weapon)
Armour
 a - a +0 robe (worn)
 g - a scarf of harm (worn)
Jewellery
 m - a ring of fire
Scrolls
 e - a scroll of identify {unknown}
 k - a scroll of poison {unknown}
 l - a scroll of fear {unknown}
 n - a scroll of summoning {unknown}
Potions
 b - 3 potions of magic
 c - 2 potions of resistance {unknown}
 d - a potion of heal wounds {unknown}
 h - a potion of curing {unknown}
 i - a potion of cancellation {unknown}
 j - a potion of flight {unknown}


   Skills:
 + Level 0.5 Fighting
 + Level 0.7 Armour
 + Level 2.0 Dodging
 - Level 2.0 Stealth
 + Level 2.2 Spellcasting
 + Level 1.2 Transmutations
 * Level 3.4 Poison Magic


You had 5 spell levels left.
You knew the following spells:

 Your Spells              Type           Power      Damage    Failure   Level
a - Sting                 Tmut/Pois      40%        1d5       7%          1

Your spell library contained the following spells:

 Spells                   Type           Power      Damage    Failure   Level
 Poisonous Vapours        Pois/Air       16%        N/A       13%         2
 Mephitic Cloud           Conj/Pois/Air  6%         N/A       32%         3
 Olgreb's Toxic Radiance  Pois           14%        N/A       38%         4


Dungeon Overview and Level Annotations

Branches:
Dungeon (2/15)

Altars:


Innate Abilities, Weirdness & Mutations

Your demonic aura sometimes causes spilled blood to erupt in flames.


Message History

A hobgoblin comes into view.
An adder comes into view.
You hit the jackal but do no damage.
The jackal is poisoned.
The jackal bites you. The bat hits you. The jackal closely misses you.
You hit the bat.
You kill the bat!
The jackal bites you.
You hit the jackal but do no damage.
The jackal looks as sick as possible!
The jackal is heavily wounded.
You kill the jackal!
A quokka and a hobgoblin come into view.
Found 7 gold pieces.
An adder comes into view.
The quokka moves out of view.
The adder hisses angrily.
You hit the adder.
The adder is poisoned.
The adder is severely wounded.
The adder bites you. The hobgoblin hits you.
The adder bites you but does no damage.
You miss the adder.
The adder is severely wounded.
The adder barely misses you. The hobgoblin closely misses you.
You hit the adder but do no damage.
The adder looks as sick as possible!
The adder is severely wounded.
You kill the adder!
The hobgoblin hits you.
Your Dodging skill increases to level 2!
You have reached level 3!
Your experience leads to an increase in your attributes!
Increase (S)trength, (I)ntelligence, or (D)exterity?
You feel clever. x2
You barely miss the hobgoblin.
The hobgoblin hits you but does no damage.
You barely miss the hobgoblin. The hobgoblin barely misses you.
You miss the adder. The adder bites you. The hobgoblin hits you.
The hobgoblin closely misses you. The adder closely misses you.
The hobgoblin attacks as you move away! The hobgoblin hits you.
* * * LOW HITPOINT WARNING * * *
The adder attacks as you move away! The adder barely misses you.
You miss the adder. The hobgoblin hits you.
You die...

#)........# #......<..#
.. .#>.$ #.........# #.#
.#... #.........####..
...... #.......)†##...
...... #.............#
#......
#.........###.####.......
#.........##..#..g.#.....
#...............@g†......
#...)........>..#S.......
##########..#####.)......
#### ..._....# ........#
#......... #.#....... #.
...$...


You could see an adder and 2 hobgoblins.

Vanquished Creatures
  An adder (D:2)
  3 ball pythons
  3 endoplasms (D:1)
  A giant cockroach (D:1)
  4 goblins (D:1)
  A hobgoblin (D:2)
  2 jackals (D:2)
  2 quokkas (D:1)
  4 bats
  A kobold (D:2)
  4 rats (D:1)
26 creatures vanquished.

Notes
Turn   | Place    | Note
-------+----------+-------------------------------------------
     0 | D:1      | vvl the Demonspawn Venom Mage began the quest for the Orb.
     0 | D:1      | Reached XP level 1. HP: 13/13 MP: 3/3
    98 | D:1      | Reached skill level 1 in Transmutations
   194 | D:1      | Gained mutation: Your demonic aura sometimes causes spilled
                  | blood to erupt in flames. [demonic ancestry]
   194 | D:1      | Reached XP level 2. HP: 19/19 MP: 5/5
   524 | D:1      | Found a faded altar of an unknown god.
  1035 | D:2      | Reached XP level 3. HP: 13/25 MP: 6/6
  1039 | D:2      | Slain by a hobgoblin

Illustrated notes

Levels and vault maps discovered:
D:1:      sevenhm_arrival_forest_fort_small_3, layout_rooms,
          shapermc_ecumenical_altar_ellora, roderic_lattice_a
D:2:      layout_rooms, basic_altar

Skill      XL: |  1  2 |
---------------+-------+-----
Transmutations | 1 |  1.2
Stealth        | 2 |  2.0
Dodging        | 2 |  2.0
Fighting       | |  0.5
Armour         | |  0.7
Spellcasting   | |  2.2
Poison Magic   | |  3.4

Action                   || total
-------------------------++-------
Melee: Spear             ||    56
       Unarmed           ||     2
 Cast: Sting             ||     6
 Stab: Sleeping          ||     5
Armor: Robe              ||    10
Dodge: Dodged            ||    31
